 Dungeon Crawl Stone Soup version 0.20.1-1-g8b1a95d (webtiles) character file.

4407 Gremour the Protected (level 10, -5/83 HPs)
             Began as a Minotaur Fighter on Sept 13, 2017.
             Was a Believer of Makhleb.
             Slain by an ogre
             ... wielding a cursed -2 giant club
              (25 damage)
             ... on level 7 of the Dungeon.
             The game lasted 00:55:12 (6183 turns).

Gremour the Protected (Minotaur Fighter)            Turns: 6183, Time: 00:55:12

Health: -5/83      AC: 14    Str: 20 (21) XL:     10   Next: 14%
Magic:  12/12      EV:  5    Int:  4 (5)  God:    Makhleb [**....]
Gold:   83         SH:  0    Dex: 11 (13) Spells: 12/12 levels left

rFire    . . .     SeeInvis .   a - +5 scimitar
rCold    . . .     Gourm    .   c - +2 shield
rNeg     . . .     Faith    .   x - +0 plate armour
rPois    +         Spirit   .   (helmet unavailable)
rElec    .         Reflect  +   (no cloak)
rCorr    +         Harm     .   (no gloves)
MR       .....     Rnd*Tele +   (no boots)
Stlth    ..........             l - +3 amulet of reflection
Regen    0.3/turn               j - ring of teleportation
MPRegen  0.2/turn               w - ring of resist corrosion

@: confused, very slightly contaminated, starving, invisible
A: retaliatory headbutt, horns 3, poison resistance, teleportitis 1, no potion
heal 1
a: Minor Destruction, Renounce Religion


You were on level 7 of the Dungeon.
You worshipped Makhleb.
Makhleb was pleased with you.
You were starving.

You visited 1 branch of the dungeon, and saw 7 of its levels.

You collected 251 gold pieces.
You spent 168 gold pieces at shops.

Inventory:

Hand Weapons
 a - a +5 scimitar (weapon)
 b - the +5 short sword of Raor Ore {pierce, *Contam rN+++ MR- Int+7}
   (You bought it in a shop on level 6 of the Dungeon)

   It inflicts extra damage upon your enemies.
   It affects your intelligence (+7).
   It renders you almost immune to negative energy.
   It affects your resistance to hostile enchantments.
   It causes magical contamination when unequipped.
 g - a +2 short sword of draining
 i - a +1 war axe of freezing
 y - a +0 long sword
Missiles
 d - 8 tomahawks of returning (quivered)
Armour
 c - a +2 shield (worn)
 s - a +0 chain mail
 x - a +0 plate armour (worn)
Jewellery
 j - a ring of teleportation (left hand)
 l - a +3 amulet of reflection (around neck)
 r - an uncursed ring of poison resistance
 t - an uncursed ring of ice
 w - a ring of resist corrosion (right hand)
Wands
 e - a wand of polymorph (11/24)
 f - a wand of disintegration (23/24)
 u - a wand of random effects (21/48)
 z - a wand of paralysis (11/24)
Scrolls
 h - 2 scrolls of fog
 n - 3 scrolls of identify
 q - a scroll of enchant armour
Potions
 o - a potion of agility
 D - a potion of lignification {unknown}
Comestibles
 k - a royal jelly
 m - a bread ration
 p - 8 meat rations
 v - 3 fruits


   Skills:
 + Level 6.1 Fighting
 - Level 2.1(5.5) Short Blades
 * Level 8.8(9.0) Long Blades
 - Level 1.4 Axes
 * Level 1.0 Throwing
 * Level 9.5 Armour
 * Level 2.2 Dodging
 + Level 0.1 Stealth
 + Level 6.8 Shields
 * Level 5.8 Unarmed Combat
 + Level 1.6 Spellcasting
 * Level 4.5 Invocations


You had 12 spell levels left.
You didn't know any spells.

Dungeon Overview and Level Annotations

Branches:
Dungeon (7/15)
 Temple: D:4-7

Altars:
Gozag
Kikubaaqudgha
Makhleb
Nemelex Xobeh
Ru
Xom
Zin

Shops:
D:6 (

Annotations:
D:7 2 runed doors


Innate Abilities, Weirdness & Mutations

You reflexively headbutt those who attack you in melee.
You have a pair of large horns on your head.
Your system is resistant to poisons. (rPois)
You are occasionally teleported next to monsters.
Potions are less effective at restoring your health.


Message History

* * * LOW HITPOINT WARNING * * *
You are very lightly contaminated with residual magic.
Okay, then.
Put on which piece of jewellery? (? for menu, Esc to quit)
You feel slightly more jumpy.
j - a ring of teleportation (left hand)
You hear some strange, mumbled words.
You are confused.
The ogre barely misses you.
You bump into the crystal wall.
Something hits you but does no damage.
Evoke which item? (* to show all) (? for menu, Esc to quit)
Okay, then.
You're too confused to move!
Something hits you but does no damage. Something hits you but does no damage.
The ogre barely misses you.
You hit the ogre.
The ogre is lightly wounded.
Something completely misses you.
The centaur skeleton hits you but does no damage.
The ogre hits you with a giant club!!
You die...

#.#..#...)[...[....
#.##.#.............
...#...............
###..##.##..........#
#.#...#..#..........#
##...#.##.#..........#
#.......#.............
##.##{...##.#..........
#..##Z@#..#............
##O#KOO.#..##.#........(
##.#########.#.#.........
#Z####### #.#...........
##.ZlK.+.###.##.#'####...
###O5.## #.#.#..........
#...####.#.##.##....†.
#...###.###.#..#......
##+####.# #)##.#......


You could see a big kobold, 2 ogres and a centaur skeleton.

Vanquished Creatures
  An ugly thing (D:7)
  A manticore (D:7)
  The ghost of Nachka the Ruffian, a novice TrFi (D:4)
  Grinder (D:4)
  Prince Ribbit (D:6)
  3 hippogriffs (D:7)
  2 orc warriors
  A black bear (D:7)
  2 ogres
  A phantom (D:7)
  2 centaurs (D:6)
  2 bullfrogs
  A wyvern skeleton (D:7)
  3 scorpions
  5 wights (D:7)
  8 killer bees (D:7)
  A crimson imp (D:7)
  A bullfrog zombie (D:7)
  A jelly (D:6)
  3 hounds
  6 orc priests
  5 orc wizards
  Ijyb (D:3)
  An iguana (D:4)
  3 worker ants
  A hound zombie (D:6)
  A howler monkey skeleton (D:6)
  5 adders
  A shadow imp (D:6)
  2 worms (D:4)
  2 dart slugs
  2 leopard geckos
  23 orcs
  3 ball pythons
  5 giant cockroaches
  9 goblins
  5 hobgoblins
  2 kobolds
  2 quokkas
  A bat (D:1)
  4 frilled lizards
  A quokka zombie (D:6)
  4 rats
130 creatures vanquished.

Vanquished Creatures (others)
  A centaur (D:6)
1 creature vanquished.

Grand Total: 131 creatures vanquished

Notes
Turn   | Place    | Note
-------+----------+-------------------------------------------
     0 | D:1      | Gremour the Minotaur Fighter began the quest for the Orb.
     0 | D:1      | Reached XP level 1. HP: 19/19 MP: 0/0
   366 | D:1      | Reached XP level 2. HP: 27/27 MP: 1/1
   521 | D:1      | Reached skill level 4 in Armour
   914 | D:2      | Found a shimmering altar of Xom.
   914 | D:2      | Found an ancient bone altar of Kikubaaqudgha.
   915 | D:2      | Found a sparkling altar of Nemelex Xobeh.
  1215 | D:2      | Reached XP level 3. HP: 33/33 MP: 2/2
  1245 | D:2      | Reached skill level 1 in Unarmed Combat
  1843 | D:3      | Noticed Ijyb
  1862 | D:3      | Killed Ijyb
  1862 | D:3      | Reached XP level 4. HP: 39/40 MP: 3/3
  2217 | D:3      | Found an opulent altar of Gozag.
  2253 | D:3      | Found a burning altar of Makhleb.
  2257 | D:3      | Reached skill level 5 in Armour
  2257 | D:3      | Reached XP level 5. HP: 47/47 MP: 4/4
  2455 | D:3      | Became a worshipper of Makhleb the Destroyer
  2500 | D:4      | Noticed Grinder
  2504 | D:4      | Paralysed by Grinder for 6 turns
  2510 | D:4      | Gained mutation: You have a pair of large horns on your head. [potion of mutation]
  2510 | D:4      | Gained mutation: You are occasionally teleported next to monsters. [potion of mutation]
  2510 | D:4      | Gained mutation: Your system is resistant to poisons. (rPois) [potion of mutation]
  3283 | D:4      | Reached XP level 6. HP: 49/53 MP: 5/5
  3381 | D:4      | Found a glowing silver altar of Zin.
  3396 | D:4      | Reached skill level 6 in Armour
  3791 | D:4      | Paralysed by Grinder for 4 turns
  3803 | D:4      | Paralysed by Grinder for 7 turns
  3816 | D:4      | Killed Grinder
  3816 | D:4      | Reached skill level 5 in Long Blades
  3816 | D:4      | Reached XP level 7. HP: 59/60 MP: 6/6
  3842 | D:4      | Noticed Nachka's ghost (novice TrFi)
  3855 | D:4      | Killed Nachka's ghost
  3855 | D:4      | Reached skill level 7 in Armour
  3855 | D:4      | Reached skill level 1 in Invocations
  3933 | D:5      | Entered Level 5 of the Dungeon
  3957 | D:5      | Noticed Prince Ribbit
  4099 | D:6      | Reached XP level 8. HP: 67/67 MP: 8/8
  4137 | D:6      | Reached skill level 5 in Fighting
  4194 | D:6      | Reached * piety under Makhleb
  4213 | D:6      | Reached skill level 1 in Axes
  4213 | D:6      | Reached skill level 5 in Shields
  4235 | D:6      | Killed Prince Ribbit
  4254 | D:6      | Found Bunwesee's Antique Weapon Boutique.
  4259 | D:6      | Bought an iridescent short sword for 168 gold pieces
  4259 | D:6      | Identified the +5 short sword of Raor Ore {pierce, *Contam rN+++ MR- Int+7} (You bought it in a shop on level 6 of the Dungeon)
  4439 | D:6      | Reached skill level 8 in Armour
  4787 | D:6      | Reached skill level 1 in Short Blades
  4958 | D:7      | Reached XP level 9. HP: 47/74 MP: 10/10
  5110 | D:7      | Reached skill level 5 in Unarmed Combat
  5144 | D:7      | Reached ** piety under Makhleb
  5175 | D:7      | Gained mutation: Potions are less effective at restoring your health. [mutagenic glow]
  5216 | D:7      | Reached skill level 1 in Spellcasting
  5257 | D:7      | Reached skill level 9 in Armour
  5527 | D:7      | Found a sacrificial altar of Ru.
  5550 | D:7      | Reached skill level 1 in Dodging
  5963 | D:7      | Noticed a manticore
  5976 | D:7      | Killed a manticore
  5976 | D:7      | Reached XP level 10. HP: 55/83 MP: 12/12
  6145 | D:7      | Found a runed door.
  6145 | D:7      | Found a runed door.
  6145 | D:7      | Noticed an ogre mage
  6145 | D:7      | Noticed a white ugly thing
  6146 | D:7      | Found a runed door.
  6167 | D:7      | Killed a white ugly thing
  6167 | D:7      | Reached skill level 1 in Throwing
  6183 | D:7      | Slain by an ogre

Skill      XL: |  1  2  3  4  5  6  7  8  9 10 |
---------------+-------------------------------+-----
Armour         | 4 5 6 7 8 9 |  9.5
Fighting       | 4 5 6 |  6.1
Unarmed Combat | 1 2 3 4 5 |  5.8
Long Blades    | 3 4 5 6 7 8 |  8.8
Shields        | 4 5 6 |  6.8
Invocations    | 1 3 4 |  4.5
Axes           | 1 |  1.4
Short Blades   | 1 2 |  2.1
Spellcasting   | 1 |  1.6
Dodging        | 1 2 |  2.2
Throwing       | 1 |  1.0
Stealth        | |  0.1

Action                   |  1- 3 |  4- 6 |  7- 9 | 10-12 || total
-------------------------+-------+-------+-------+-------++-------
Melee: Long sword        |    23 |    87 |    66 |       ||   176
       Headbutt          |    14 |    23 |    45 |     5 ||    87
       Unarmed           |     1 |       |       |       ||     1
       Short sword       |    57 |    20 |    68 |       ||   145
       Scimitar          |       |       |   114 |    25 ||   139
Throw: Tomahawk          |       |       |     3 |       ||     3
Invok: Minor Destruction |       |       |     6 |       ||     6
Evoke: Wand              |       |     1 |       |       ||     1
  Use: Scroll            |     1 |     5 |     8 |     1 ||    15
       Potion            |       |     8 |     6 |     2 ||    16
  Eat: Bread ration      |     1 |       |     1 |       ||     2
       Chunk             |       |     3 |     3 |       ||     6
Armor: Scale mail        |    11 |       |       |       ||    11
       Chain mail        |    23 |    45 |    25 |       ||    93
       Plate armour      |       |       |    90 |     7 ||    97
Dodge: Dodged            |    21 |    21 |    42 |     4 ||    88
Block: Shield            |    29 |    65 |   213 |    20 ||   327
       Reflection        |       |       |    11 |       ||    11
       Rpst.: Long sword |     3 |     3 |     2 |       ||     8
       Scimitar          |       |       |     7 |       ||     7
